 Dungeon Crawl Stone Soup version 0.28.0-45-g0d030f2227 (webtiles) character file.

Game seed: 1825653151055240843

87635 pkoi the Black Belt (level 15, -4/126 HPs)
             Began as a Demigod Gladiator on Apr 4, 2022.
             Killed by divine providence
             ... invoked by a meliai
              (13 damage)
             ... on level 1 of the Spider Nest.
             The game lasted 01:18:45 (38688 turns).

pkoi the Black Belt (Demigod Gladiator)            Turns: 38688, Time: 01:18:46

Health: -4/126     AC: 15    Str: 17    XL:     15   Next: 4%
Magic:  0/37       EV: 21    Int: 22    God:
Gold:   522        SH:  0    Dex: 27    Spells: 2/26 levels left

rFire   . . .      SeeInvis .     - Unarmed
rCold   . . .      Faith    .   (no shield)
rNeg    + . .      Spirit   +   O - +0 leather armour of the Dropbear {+Blink rElec}
rPois   .          Reflect  .   T - +3 helmet of Objectivity {rN+ Regen+ Str-2 Dex+8}
rElec   +          Harm     .   E - +0 cloak
rCorr   .          Rampage  .   f - +1 pair of gloves
Will    +....                   (no boots)
Stlth   +++++.....              J - amulet of guardian spirit
HPRegen 1.11/turn               g - +4 ring of protection
MPRegen 0.25/turn               r - ring of magical power

@: lethally poisoned (-4 -> -4), studying 2 skills
A: high MP 1, forlorn, divine attributes
a: Evoke Blink


You were on level 1 of the Spider Nest.
You visited 5 branches of the dungeon, and saw 25 of its levels.

You collected 2322 gold pieces.
You spent 1800 gold pieces at shops.

Inventory:

Hand Weapons
 Z - a +2 dagger of venom
Missiles
 b - 4 javelins
 c - 4 throwing nets
 e - 20 poisoned darts
 t - 12 boomerangs
 L - 5 curare-tipped darts
Armour
 f - a +1 pair of gloves (worn)
 q - a +2 robe of cold resistance
 w - the +1 leather armour "Gedycs" {rN++ MP+9 Dex-2 Stlth+}
   (You found it on level 6 of the Dungeon)

   Dex:       It affects your dexterity (-2).
   rN:        It greatly protects you from negative energy.
   MP:        It affects your magic capacity (+9).
   Stlth:     It makes you more stealthy.
 E - a +0 cloak (worn)
 O - the +0 leather armour of the Dropbear (worn) {+Blink rElec}
   (You found it on level 3 of the Lair of Beasts)

   rElec:     It insulates you from electricity.
   +Blink:    It lets you blink.
 T - the +3 helmet of Objectivity (worn) {rN+ Regen+ Str-2 Dex+8}
   (You found it on level 4 of the Lair of Beasts)

   Str:       It affects your strength (-2).
   Dex:       It affects your dexterity (+8).
   rN:        It protects you from negative energy.
   Regen:     It increases your rate of health regeneration.
Jewellery
 g - a +4 ring of protection (left hand)
 j - a ring of see invisible
 l - a +4 ring of evasion
 r - a ring of magical power (right hand)
 u - a ring of resist corrosion
 A - a ring of protection from fire
 J - an amulet of guardian spirit (around neck)
 K - a ring of protection from fire
Wands
 a - a wand of paralysis (10)
 h - a wand of polymorph (12)
 G - a wand of iceblast (7)
 W - a wand of digging (10)
 X - a wand of flame (10)
 Y - a wand of acid (12)
Scrolls
 i - 3 scrolls of amnesia
 x - 5 scrolls of fear
 y - 3 scrolls of vulnerability
 B - 7 scrolls of enchant armour
 C - a scroll of blinking
 D - 10 scrolls of teleportation
 F - 5 scrolls of enchant weapon
 H - 3 scrolls of summoning
 M - 3 scrolls of fog
 P - a scroll of silence
 R - a scroll of holy word
 V - 7 scrolls of identify
Potions
 k - 6 potions of might
 m - 3 potions of attraction
 o - 2 potions of magic
 p - 2 potions of heal wounds
 z - 4 potions of cancellation
 I - 2 potions of berserk rage
 N - a potion of haste
 Q - a potion of invisibility
 S - 5 potions of brilliance
Miscellaneous
 U - a phantom mirror


   Skills:
 - Level 10.0 Fighting
 - Level 1.7 Throwing
 - Level 5.0 Armour
 - Level 10.0 Dodging
 - Level 10.0 Stealth
 - Level 15.0 Unarmed Combat
 + Level 6.1 Spellcasting
 - Level 6.7 Conjurations
 - Level 3.0 Translocations
 + Level 2.7 Transmutations
 + Level 8.3 Air Magic
 - Level 6.0 Evocations


You had 2 spell levels left.
You knew the following spells:

 Your Spells              Type           Power      Damage    Failure   Level
a - Apportation           Tloc           38%        N/A       3%          1
b - Static Discharge      Conj/Air       40%        N/A       1%          2
c - Lightning Bolt        Conj/Air       20%        1d35      13%         5
d - Swiftness             Air            43%        N/A       1%          3
e - Airstrike             Air            21%        N/A       3%          4
f - Passage of Golubria   Tloc           19%        N/A       30%         4
g - Blade Hands           Tmut           9%         N/A       69%         5

Your spell library contained the following spells:

 Spells                   Type           Power      Damage    Failure   Level
 Shock                    Conj/Air       100%       1d9       1%          1
 Passwall                 Tmut/Erth      10%        N/A       10%         2
 Animate Skeleton         Necr           12%        N/A       11%         1
 Summon Small Mammal      Summ           24%        N/A       11%         1
 Scorch                   Fire           12%        2d5       16%         2
 Portal Projectile        Hex/Tloc       26%        N/A       17%         3
 Flame Wave               Conj/Fire      21%        2d7       26%         4
 Sticky Flame             Conj/Fire      21%        2d4       26%         4
 Ozocubu's Armour         Ice            6%         N/A       32%         3
 Irradiate                Conj/Tmut      13%        3d17      38%         5
 Silence                  Hex/Air        12%        N/A       47%         5
 Anguish                  Hex/Necr       3%         N/A       71%         4
 Animate Dead             Necr           3%         N/A       71%         4
 Dispel Undead            Necr           6%         3d8       71%         4
 Excruciating Wounds      Necr           3%         N/A       96%         5
 Summon Cactus Giant      Summ           3%         N/A       100%        6
 Ozocubu's Refrigeration  Ice            3%         4d5       100%        7
 Lehudib's Crystal Spear  Conj/Erth      10%        10d4      100%        8
 Maxwell's Capacitive Co  Air            21%        ∞         100%        8


Dungeon Overview and Level Annotations

Branches:
Dungeon (15/15)            Temple (0/1) D:4            Lair (6/6) D:10
 Shoals (1/4) Lair:2       Spider (1/4) Lair:3        Slime (0/5) Lair:6
    Orc (2/2) D:12         Depths (0/4) D:15
    Elf: Orc:2       Vaults: D:13-14

Shops:
D:2 [   D:9 *   D:10 (   Orc:2 [(*!

Annotations:
D:13 Frances
Lair:5 3 runed translucent doors, Vig Uhad's ghost, journeyman OpTm
Lair:6 exclusion: ice statue
Shoals:1 1 runed translucent door, Nikola; Wano's ghost, adept DrTm
Spider:1 Josephine
Orc:2 Saint Roka


Innate Abilities, Weirdness & Mutations

You have an increased reservoir of magic. (+10% MP)
You shall have no god before yourself.
Your divine heritage dramatically boosts your attributes as you level up.


Message History

You are poisoned.
The meliai poisons you!
The meliai mumbles some strange prayers to its god against you.
Something smites you!
* * * LOW HITPOINT WARNING * * *
The meliai completely misses you. The meliai closely misses you.
Josephine the Decaying Necromancer comes into view.
She is wielding a +0 dagger and wearing a +2 robe of positive energy.
You feel very sick.
The meliai calls down the wrath of its god upon you.
Something smites you!
* * * LOW HITPOINT WARNING * * *
The meliai calls upon its god to heal the meliai.
The meliai is healed somewhat.
The tarantella barely misses you. The demonic crawler hits you.
* * * LOW HITPOINT WARNING * * *
The demonic crawler misses you. x2
You feel very sick.
The meliai invokes the aid of its god against you.
Something smites you!
* * * LOW HITPOINT WARNING * * *
The tarantella completely misses you.
The demonic crawler shrieks in warning!
You hear an angry hiss. x3
Blink to where?
Press: ? - help, Dir - move target, p - meliai
As you read the scroll of blinking, it crumbles to dust.
You feel sick.
You feel sick.
The meliai mumbles some strange prayers to its god against you.
Something smites you!
* * * LOW HITPOINT WARNING * * *
You feel sick.
Blink to where?
Press: ? - help, Dir - move target
As you read the scroll of blinking, it crumbles to dust.
You feel sick.
You feel sick.
The meliai calls down the wrath of its god upon you.
Something smites you!
You die...

...#..#....# ...........?..#
......#....#######..>............
#..........#.##..###.......^.....
.............#...#.######..##....
.......#.....##..#...#..####.....
.....#.###...........#.......y.§.
###.#####..............y..y..s#s.
###..#...............#..##..#..
#.......#.....@..#...#..#...#..
##.......##########...#..#...#..
#.......##...........##..#..(#@.
#.......#...........##...#...#..
####...##...........#....##..#..
##.....#....#..#....#.....#.##..
#......#....#..#.#.^#.....###...
#.....###...#..###..#..#..# ....
##.#..# ##..##.#...##..#..# ....


You could see a meliai.

Vanquished Creatures
  Rupert (D:12)
  2 entropy weavers (Lair:3)
  A merfolk impaler (Shoals:1)
  Fannar (D:10)
  An ice dragon (Lair:6)
  A catoblepas (D:12)
  An ogre mage (Orc:2)
  10 hydras
  16 two-headed ogres
  A centaur warrior (Lair:2)
  The ghost of GloriousHammer the Grappler, a novice TrHu of Okawaru (D:8)
  4 death yaks
  2 orc high priests
  8 skeletal warriors
  A pharaoh ant (Spider:1)
  Pikel (D:7)
  A sea snake (Lair:2)
  3 wolf spiders (Lair:3)
  3 ugly things
  4 manticores
  3 fauns (Shoals:1)
  3 orc sorcerers
  2 cyclopes
  6 elephants
  Maurice (D:12)
  2 merfolk sirens (Shoals:1)
  3 black mambas
  3 torpor snails
  4 rime drakes
  An unseen horror (D:10)
  10 cane toads
  A demonic crawler (Spider:1)
  8 komodo dragons
  An efreet (D:9)
  3 merfolk (Shoals:1)
  2 trolls
  A meliai (Spider:1)
  4 tarantellas
  8 polar bears
  2 wind drakes
  Grinder (D:3)
  3 hornets
  A blink frog (Lair:3)
  10 dream sheep
  6 slime creatures (D:13)
  2 snapping turtles (Shoals:1)
  3 shadows
  6 culicivoras
  4 jumping spiders
  14 spriggans (Lair:6)
  3 wraiths
  50 yaks
  A human (D:12)
  A water elemental (Shoals:1)
  2 basilisks
  4 wyverns
  11 redbacks
  Menkaure (D:7)
  6 vampire mosquitoes (D:12)
  7 wargs
  An acid dragon (D:9)
  19 water moccasins
  A meliai simulacrum (D:12)
  8 ice beasts
  3 black bears (Lair:6)
  11 orc warriors
  A necrophage (D:6)
  4 boggarts (Lair:6)
  19 ogres
  14 centaurs
  28 wolves
  A lemure (D:7)
  A phantom (D:5)
  3 kobold brigands
  10 bullfrogs
  2 gnoll sergeants
  3 scorpions
  A killer bee (D:9)
  9 wights
  2 electric eels
  A spectral centaur (D:8)
  2 howler monkeys (D:11)
  A bullfrog zombie (D:7)
  5 centaur zombies
  14 orc priests
  2 jellies (Lair:6)
  2 gnoll shamans
  4 hounds
  3 centaur skeletons
  3 iguanas
  Crazy Yiuf (D:3)
  17 orc wizards
  A killer bee zombie (D:9)
  A centaur simulacrum (D:8)
  A spectral howler monkey (D:8)
  A hound skeleton (D:4)
  2 howler monkey zombies
  14 gnolls
  4 adders
  A shadow imp (D:6)
  3 white imps
  3 dart slugs
  56 orcs
  6 ball pythons
  9 endoplasms
  13 giant cockroaches
  12 goblins
  5 hobgoblins
  9 jackals (D:3)
  9 kobolds
  4 quokkas
  5 bats
  4 frilled lizards
  9 rats
635 creatures vanquished.

Vanquished Creatures (others)
  A faun (Shoals:1)
  A boggart (Lair:6)
  An orc wizard (D:9)
  4 orcs
  An endoplasm (Lair:6)
  40 fungi
  54 plants
102 creatures vanquished.

Grand Total: 737 creatures vanquished

Notes
Turn   | Place    | Note
-------+----------+-------------------------------------------
     0 | D:1      | pkoi the Demigod Gladiator began the quest for the Orb.
     0 | D:1      | Reached XP level 1. HP: 17/17 MP: 3/3
   332 | D:1      | Reached skill level 3 in Unarmed Combat
   799 | D:1      | Reached XP level 2. HP: 24/24 MP: 4/4
  1860 | D:2      | Reached skill level 4 in Unarmed Combat
  1860 | D:2      | Reached XP level 3. HP: 13/29 MP: 5/5
  2417 | D:2      | Found Jeox's Armour Shoppe.
  3130 | D:3      | Reached XP level 4. HP: 36/36 MP: 6/6
  3174 | D:3      | Found a runed translucent door.
  3175 | D:3      | Noticed Crazy Yiuf
  3458 | D:3      | Noticed Grinder
  3466 | D:3      | Paralysed by Grinder for 3 turns
  3632 | D:3      | Killed Grinder
  3633 | D:3      | Reached skill level 5 in Unarmed Combat
  3633 | D:3      | Reached XP level 5. HP: 42/42 MP: 7/7
  4299 | D:4      | Reached XP level 6. HP: 50/50 MP: 8/8
  4898 | D:4      | Found a staircase to the Ecumenical Temple.
  4940 | D:4      | Reached skill level 6 in Unarmed Combat
  5392 | D:4      | Learned a level 1 spell: Apportation
  5600 | D:5      | Entered Level 5 of the Dungeon
  5760 | D:5      | Reached XP level 7. HP: 57/57 MP: 8/10
  6091 | D:5      | Reached skill level 1 in Translocations
  6349 | D:5      | Reached skill level 1 in Spellcasting
  6840 | D:6      | Reached skill level 7 in Unarmed Combat
  6876 | D:6      | Identified the +1 leather armour "Gedycs" {rN++ MP+9 Dex-2
                  | Stlth+}
  6999 | D:6      | Reached XP level 8. HP: 36/66 MP: 12/12
  7447 | D:6      | Identified the +7 hunting sling "Grim" {freeze, Fragile
                  | rC++ Will++}
  7609 | D:6      | Reached skill level 5 in Dodging
  7930 | D:7      | Noticed Pikel
  7963 | D:7      | Killed Pikel
  7964 | D:7      | Reached skill level 5 in Fighting
  7964 | D:7      | Reached skill level 8 in Unarmed Combat
  8418 | D:7      | Noticed Menkaure
  8422 | D:7      | Killed Menkaure
  8423 | D:7      | Reached skill level 1 in Evocations
  9192 | D:7      | Reached skill level 9 in Unarmed Combat
  9192 | D:7      | Reached XP level 9. HP: 58/74 MP: 13/13
  9785 | D:8      | Reached skill level 10 in Unarmed Combat
  9802 | D:8      | Found a runed translucent gate.
  9802 | D:8      | Found a runed translucent gate.
  9802 | D:8      | Found a runed translucent gate.
  9803 | D:8      | Noticed GloriousHammer's ghost (novice TrHu)
  9958 | D:9      | Found Ydaf's Demolitions Depot.
  9994 | D:9      | Noticed a two-headed ogre
 10017 | D:9      | Killed a two-headed ogre
 10508 | D:9      | Found a runed translucent door.
 10554 | D:9      | Reached skill level 11 in Unarmed Combat
 11288 | D:9      | Found a runed translucent door.
 11428 | D:10     | Entered Level 10 of the Dungeon
 11476 | D:10     | Noticed an unseen horror
 11495 | D:10     | Killed an unseen horror
 11496 | D:10     | Reached XP level 10. HP: 73/83 MP: 14/14
 11605 | D:10     | Found Tasaro's Weapon Shop.
 11621 | D:10     | Found a staircase to the Lair.
 11799 | D:10     | Noticed a two-headed ogre
 11828 | D:10     | Killed a two-headed ogre
 11829 | D:10     | Reached skill level 1 in Armour
 11995 | D:10     | Noticed Fannar
 12012 | D:10     | Killed Fannar
 12842 | D:10     | Noticed a two-headed ogre
 12887 | D:10     | Killed a two-headed ogre
 13174 | D:10     | Reached skill level 12 in Unarmed Combat
 13522 | D:11     | Noticed a two-headed ogre
 13534 | D:11     | Killed a two-headed ogre
 13816 | D:11     | Noticed a cyclops
 14236 | D:3      | Killed Crazy Yiuf
 14406 | Lair:1   | Entered Level 1 of the Lair of Beasts
 14942 | Lair:1   | You fall into a shaft and drop 1 floor!
 15021 | Lair:1   | Noticed Urug
 15060 | Lair:1   | Reached XP level 11. HP: 77/92 MP: 16/16
 16439 | Lair:1   | Noticed Urug
 16439 | Lair:1   | Urug changed into Urug the elephant
 16677 | Lair:1   | Killed Urug the elephant
 17871 | Lair:1   | Noticed a four-headed hydra
 17884 | Lair:1   | Killed a four-headed hydra
 17885 | Lair:1   | Reached skill level 5 in Armour
 18855 | Lair:2   | Reached skill level 5 in Evocations
 19065 | D:9      | Bought a book of Lightning for 432 gold pieces
 19127 | D:9      | Learned a level 2 spell: Static Discharge
 19289 | Lair:2   | Found a staircase to the Shoals.
 19794 | Lair:2   | Reached skill level 1 in Conjurations
 20123 | Lair:2   | Noticed a six-headed hydra
 20134 | Lair:2   | Killed a six-headed hydra
 20135 | Lair:2   | Reached XP level 12. HP: 76/103 MP: 18/18
 20469 | Lair:2   | Noticed a four-headed hydra
 20484 | Lair:2   | Killed a four-headed hydra
 20755 | Lair:3   | Noticed Sonja
 20769 | Lair:3   | Noticed Sonja
 20769 | Lair:3   | Sonja changed into Sonja the blink frog
 20792 | Lair:3   | Killed Sonja the blink frog
 21021 | Lair:3   | Reached skill level 13 in Unarmed Combat
 21196 | Lair:3   | Identified the +0 leather armour of the Dropbear {+Blink
                  | rElec}
 21234 | Lair:3   | Found a hole to the Spider Nest.
 21342 | Lair:3   | Reached skill level 1 in Air Magic
 22102 | Lair:4   | Noticed a four-headed hydra
 22112 | Lair:3   | Killed a four-headed hydra
 22477 | Lair:4   | Noticed a six-headed hydra
 22578 | Lair:4   | Killed a six-headed hydra
 23071 | Lair:3   | Learned a level 5 spell: Lightning Bolt
 23074 | Lair:4   | Noticed a four-headed hydra
 23084 | Lair:4   | Killed a four-headed hydra
 23545 | Lair:4   | Identified the +3 helmet of Objectivity {rN+ Regen+ Str-2
                  | Dex+8}
 23992 | Lair:5   | Noticed a four-headed hydra
 24005 | Lair:5   | Killed a four-headed hydra
 24126 | Lair:5   | Noticed a minotaur
 24127 | Lair:5   | Noticed Vig Uhad's ghost (journeyman OpTm)
 24139 | Lair:5   | Found a runed translucent gate.
 24139 | Lair:5   | Found a runed translucent gate.
 24139 | Lair:5   | Found a runed translucent gate.
 25076 | Lair:6   | Entered Level 6 of the Lair of Beasts
 25086 | Lair:6   | Noticed an eight-headed hydra
 25148 | Lair:5   | Reached XP level 13. HP: 105/111 MP: 18/21
 25304 | Lair:6   | Reached skill level 1 in Stealth
 26032 | D:11     | Learned a level 3 spell: Swiftness
 26037 | D:11     | Learned a level 4 spell: Airstrike
 26055 | D:11     | Reached skill level 5 in Stealth
 26530 | D:11     | Reached skill level 14 in Unarmed Combat
 27217 | D:12     | Identified the +10 morningstar of Tiunwice {vamp, rN+
                  | Will+}
 27239 | D:12     | You fall into a shaft and drop 3 floors!
 27239 | D:15     | Entered Level 15 of the Dungeon
 27679 | D:11     | Reached skill level 5 in Air Magic
 27979 | D:12     | Noticed Rupert
 27980 | D:12     | Paralysed by Rupert for 2 turns
 28539 | Lair:6   | Learned a level 4 spell: Passage of Golubria
 28726 | Lair:6   | Found a staircase to the Slime Pits.
 29777 | D:8      | Killed GloriousHammer's ghost
 29897 | D:9      | Reached XP level 14. HP: 114/118 MP: 21/24
 30498 | D:12     | Noticed Maurice
 30515 | D:12     | Killed Rupert
 30855 | D:12     | Found a staircase to the Orcish Mines.
 30904 | D:12     | Killed Maurice
 30968 | D:12     | Reached skill level 5 in Spellcasting
 31805 | D:13     | Noticed Frances
 32091 | Orc:1    | Entered Level 1 of the Orcish Mines
 32686 | Orc:2    | Entered Level 2 of the Orcish Mines
 32941 | D:9      | Bought a manual of Conjurations for 960 gold pieces
 32941 | D:9      | Bought a wand of acid (4) for 192 gold pieces
 32941 | D:9      | Bought a wand of acid (5) for 216 gold pieces
 33090 | Orc:2    | Noticed Saint Roka
 33135 | Orc:2    | Reached skill level 10 in Fighting
 33135 | Orc:2    | Reached skill level 10 in Dodging
 33368 | Orc:2    | Found Wuesibb's Antique Armour Shop.
 33370 | Orc:2    | Found Reced's Antique Weapon Shoppe.
 33370 | Orc:2    | Found Kextiet's Distillery.
 33370 | Orc:2    | Found Hiyrodem's General Store.
 33400 | Orc:2    | Reached skill level 5 in Conjurations
 33548 | Orc:2    | Reached skill level 15 in Unarmed Combat
 33635 | Orc:2    | Reached skill level 10 in Stealth
 33928 | Orc:2    | Learned a level 5 spell: Blade Hands
 34651 | Shoals:1 | Entered Level 1 of the Shoals
 34863 | Lair:2   | Reached skill level 1 in Transmutations
 35637 | Shoals:1 | Found a runed translucent door.
 35638 | Shoals:1 | Noticed Wano's ghost (adept DrTm)
 35638 | Shoals:1 | Noticed Nikola
 36002 | Spider:1 | Entered Level 1 of the Spider Nest
 37667 | Spider:1 | Reached XP level 15. HP: 48/126 MP: 2/28
 38230 | Spider:1 | Got the Volume of Mutagenic Sinister Secrets
 38682 | Spider:1 | Noticed Josephine
 38688 | Spider:1 | Killed from afar by a meliai

Illustrated notes

Levels and vault maps discovered:
D:1:      minmay_arrival_wavy_path, layout_basic, basic_ecumenical_altar,
          minmay_misc_feat_iff, minmay_misc_feat_enclosed
D:2:      layout_basic, basic_altar, serial_shops, shop_fountains,
          minmay_worlds_worst_comb
D:3:      layout_loops_ring, uniq_crazy_yiuf_cottage, uniq_grinder
D:4:      layout_gridville, temple_statues, dk_noncrumbling_3,
          roderic_serpentine_path
D:5:      layout_loops_ring, skrybe_limestone_x
D:6:      layout_rooms
D:7:      layout_basic, uniq_menkaure, uniq_pikel
D:8:      layout_cave_pools, gammafunk_ghost_necromancy
D:9:      cheibrodos_histonic, layout_loops_corners,
          lemuel_coloured_pillars_altar, nicolae_blasting_shop,
          chequers_serial_rivers_marsh, solitary_fountain,
          hangedman_decor_diamond_cutter, minmay_door_square
D:10:     layout_irregular_city, lair_entry_dummy, serial_shops,
          nicolae_shop_bloodbath_and_beyond, uniq_fannar
D:11:     layout_cave_pods, gauntlet_entry_generic, minmay_splitting_lines,
          evilmike_ruin_ashenzari
D:12:     layout_gridville, erik_orc_4, hangedman_weighted_door,
          vehumet_altar_wand_db, uniq_rupert, uniq_maurice
D:13:     layout_rooms, grunt_vaults_entry_fortified,
          portal_ice_cave_entry_pillars_1, uniq_frances
D:14:     layout_irregular_city, nicolae_elevator_lobby_asterisk
D:15:     hangedman_depths_entry_civil_slaughter, layout_cave_pools,
          grunt_dithmenos_smoke_and_mirrors
Lair:1:   cheibrodos_lair_river_kwai, layout_regular_city, uniq_urug
Lair:2:   layout_regular_city, minmay_shoals_entry_beasts,
          chequers_serial_rivers_small_3
Lair:3:   layout_cave_shapes, spider_nest_entry_webs, columned_hall_lemuel,
          serial_bayou_shore_a, infiniplex_staircase_pool_2, uniq_sonja
Lair:4:   layout_roguey, grunt_megastairs_2
Lair:5:   layout_gridlike, maelrawn_ghost_gauntlet_escape
Lair:6:   minmay_lair_end_enchanted_forest, layout_regular_city,
          nicolae_slime_entry_slimehenge, ice2_lemuel, serial_bayou_shore_b
Shoals:1: layout_shoals, ebering_ghost_reflecting_pool, uniq_nikola
Spider:1: layout_spider_delve, uniq_josephine
Orc:1:    layout_caves
Orc:2:    st_orc_ogre_mass, layout_diamond_mine, uniq_saint_roka

Skill      XL: |  1  2  3  4  5  6  7  8  9 10 11 12 13 14 |
---------------+-------------------------------------------+-----
Unarmed Combat | 3 4 5 6 7 9 11 12 13 14 15 | 15.0
Fighting       | 2 3 4 5 6 7 8 9 10 | 10.0
Dodging        | 3 4 5 6 7 8 9 10 | 10.0
Translocations | 1 2 3 |  3.0
Spellcasting   | 1 2 3 4 6 |  6.1
Evocations     | 1 3 5 6 |  6.0
Armour         | 3 5 |  5.0
Conjurations   | 1 4 6 |  6.7
Air Magic      | 4 5 8 |  8.3
Stealth        | 8 10 | 10.0
Transmutations | 2 |  2.7
Throwing       | |  1.7

Action                   |  1- 3 |  4- 6 |  7- 9 | 10-12 | 13-15 || total
-------------------------+-------+-------+-------+-------+-------++-------
Melee: Whip              |   211 |       |       |       |       ||   211
       Unarmed           |    21 |   204 |   399 |   963 |  1668 ||  3255
       Punch             |     6 |    11 |    26 |   117 |   228 ||   388
Throw: Dart              |     6 |    22 |    65 |    36 |     6 ||   135
       Throwing net      |       |       |     1 |       |       ||     1
       Boomerang         |       |       |       |     2 |    50 ||    52
 Cast: Apportation       |       |       |       |     1 |     8 ||     9
       Static Discharge  |       |       |       |     6 |    11 ||    17
       Airstrike         |       |       |       |       |    89 ||    89
Evoke: Wand              |       |       |       |    11 |     3 ||    14
  Use: Scroll            |     8 |     2 |     6 |    11 |     8 ||    35
       Potion            |       |     1 |     4 |       |     5 ||    10
 Stab: Sleeping          |     4 |     2 |     1 |     4 |     4 ||    15
       Distracted        |     1 |       |     1 |       |     4 ||     6
       Held in net/web   |       |       |     1 |       |       ||     1
Armor: Leather armour    |    99 |    50 |   120 |   266 |   349 ||   884
Dodge: Dodged            |   151 |   140 |   315 |   794 |  1666 ||  3066
